 Dungeon Crawl Stone Soup version 0.30-a0-782-ge64f9170bb (webtiles) character file.

Game seed: 3724477979737830060

53 Engwar the Sneak (level 3, 20/20 HPs)
             Began as a Spriggan Delver on Feb 22, 2023.
             Quit the game on level 5 of the Dungeon.
             The game lasted 00:01:17 (59 turns).

Engwar the Sneak (Spriggan Delver)                    Turns: 59, Time: 00:01:18

Health: 20/20      AC:  2    Str:  8    XL:     3   Next: 62%
Magic:  4/4        EV: 18    Int: 13    God:
Gold:   0          SH:  0    Dex: 16    Spells: 2/2 levels left

rFire   . . .      SeeInvis +    a - +0 short sword
rCold   . . .      Faith    .    (no shield)
rNeg    . . .      Spirit   .    b - +0 robe
rPois   .          Reflect  .    (helmet restricted)
rElec   .          Harm     .    (no cloak)
rCorr   .          Rampage  .    (gloves unavailable)
Will    .....                    (boots unavailable)
Stlth   ++++                     (no amulet)
HPRegen 0.23/turn                (no ring)
MPRegen 0.09/turn                (no ring)

@: very quick
A: very small, no large weapons, unfitting armour, see invisible, speed 3
a: no special abilities


You were on level 5 of the Dungeon.
You visited 1 branch of the dungeon, and saw 1 of its levels.

Inventory:

Hand Weapons
 a - a +0 short sword (weapon)
Armour
 b - a +0 robe (worn)
Wands
 g - a wand of digging (3)
Scrolls
 c - a scroll of fog
 e - a scroll of fear
Potions
 f - a potion of haste


   Skills:
 + Level 3.0 Fighting
 + Level 3.1 Short Blades
 + Level 3.8 Dodging
 - Level 7.2 Stealth


You had 2 spell levels left.
You didn't know any spells.
Your spell library was empty.

Dungeon Overview and Level Annotations

Branches:
Dungeon (5/15)
 Temple: D:4-7

Altars:

Annotations:
D:5 Edmund


Innate Abilities, Weirdness & Mutations

You are very small and have problems with some larger weapons.
You are too small for most types of armour.
You have supernaturally acute eyesight. (SInv)
You cover ground extremely quickly. (Speed+++)


Message History

You hear the sound of rushing water.
There is an entrance to a sewer on this level.
Hurry and find it before the portal rusts away!
Welcome, Engwar the Spriggan Delver.
Below lies the Orb of Zot, rumoured to be powerful enough to resurrect a god...
Press ? for a list of commands and other information.
Found a stone staircase leading down.
Found 7 gold pieces.
Edmund the Younger comes into view.
He is wielding a +2 flail of holy wrath and wearing a +4 scale mail of fire resistance.
As you read the scroll of magic mapping, it crumbles to dust.
You feel aware of your surroundings.
You sensed 3 altars, and 1 shop/portal.
An iguana comes into view.
Found a stone staircase leading up.
A jelly comes into view.
The helpless iguana fails to defend itself.
You impale the iguana!!
You kill the iguana!
Your Dodging skill increases to level 3!
You have reached level 2!
The helpless jelly fails to defend itself.
You impale the jelly!!
You kill the jelly!
Your Fighting skill increases to level 3!
Your Short Blades skill increases to level 3!
You have reached level 3!
Your experience leads to an increase in your attributes!
Increase (S)trength, (I)ntelligence, or (D)exterity?
You feel clever. x2
Are you sure you want to abandon this character and quit the game? (Confirm with "yes".)

,,,*,,,** *,,***,,,* ,*,*,,,*
*,,* *,,,* ,,,*,,,* *,,* **,**
******+** *,,* *,* ,,,*,,,,*
*,,* **+* ^*,*,**,* *,,* *,,*
,,,*,**,* *,,* *,,* ,*,+,,,,*
########## *,,###,**
,,,########.<...@..# *,...,,*
####........######.######.#**,#
#...............##.......#,,,.#
#.......#######.........##*,#.#
###...#.# ########.## *#..*
........# ##.###.#,* ####..###
#####.#.##.# **,...*
#..........# ,,....**
#..###.#####


There were no monsters in sight!

Vanquished Creatures
  A jelly (D:5)
  An iguana (D:5)
2 creatures vanquished.

Notes
Turn   | Place    | Note
-------+----------+-------------------------------------------
     0 | D:5      | Engwar the Spriggan Delver began the quest for the Orb.
     0 | D:5      | Reached XP level 1. HP: 11/11 MP: 2/2
     4 | D:5      | Noticed Edmund
    33 | D:5      | Noticed an iguana
    37 | D:5      | Noticed a jelly
    40 | D:5      | Killed an iguana
    41 | D:5      | Reached XP level 2. HP: 16/16 MP: 3/3
    59 | D:5      | Reached XP level 3. HP: 20/20 MP: 4/4
    59 | D:5      | Quit the game

Illustrated notes

Levels and vault maps discovered:
D:5:      minmay_clustersquares, layout_loops_ring,
          minmay_overflow_temple_star_quad, gup_sewer_entry_bowl,
          uniq_eustachio, uniq_duvessa, uniq_edmund

Skill      XL: |  1  2 |
---------------+-------+-----
Dodging        | 3 |  3.8
Fighting       | 3 |  3.0
Short Blades   | 3 |  3.1
Stealth        | |  7.2

Action                     || total
---------------------------++-------
  Melee: Short sword       ||     2
    Use: Scroll            ||     1
   Stab: Sleeping          ||     2

Table legend: (Time is in decaauts)
 A = Elapsed time spent in this place.
 B = Non-inter-level travel time spent in this place.
 C = Inter-level travel time spent in this place.
 D = Time resting spent in this place.
 E = Time spent auto-exploring this place.
 F = Levels seen in this place.
 G = Mean time per level.
                   A        B        C        D        E       F      G
               +--------+--------+--------+--------+--------+-----+--------+
         Total |     36 |     36 |      0 |      0 |      1 |   1 |   36.0 |
       Dungeon |     36 |     36 |      0 |      0 |      1 |   1 |   36.0 |
               +--------+--------+--------+--------+--------+-----+--------+

Top non-repeatable levels by time:
     D:5: 36 daAuts
